 Dungeon Crawl Stone Soup version 0.32-a0-699-g1ee5eff (webtiles) character file.

Game seed: 11699934480218017632

112 Toastz the Vexing (level 4, 0/22 HPs)
             Began as a Vine Stalker Enchanter on Mar 13, 2024.
             Slain by Crazy Yiuf
             ... wielding a +4 quarterstaff of chaos
              (4 damage)
             ... on level 2 of the Dungeon.
             The game lasted 00:03:30 (1342 turns).

Toastz the Vexing (Vine Stalker Enchanter)          Turns: 1342, Time: 00:03:30

Health: 0/22       AC:  3    Str: 10    XL:     4   Next: 93%
Magic:  0/8        EV: 11    Int: 23    God:
Gold:   71         SH:  0    Dex: 21    Spells: 2/7 levels left

rFire   . . .        a - +1 dagger
rCold   . . .        (no shield)
rNeg    . . .        b - +0 robe
rPois   .            (no helmet)
rElec   .            (no cloak)
rCorr   .            m - +0 pair of gloves
SInv    .            (no boots)
Will    .....        k - amulet of regeneration
Stlth   +++          h - +6 ring of dexterity
HPRegen 1.83/turn    j - +6 ring of intelligence
MPRegen 0.11/turn

%: guardian spirit
@: no status effects
A: fangs 2, regeneration 1, magic shield, antimagic bite, no potion heal 2
a: no special abilities


You were on level 2 of the Dungeon.
You visited 1 branch of the dungeon, and saw 2 of its levels.

You collected 71 gold pieces.

Inventory:

Hand Weapons
 a - a +1 dagger (weapon)
Armour
 b - a +0 robe (worn)
 m - a +0 pair of gloves (worn)
Jewellery
 h - a +6 ring of dexterity (left hand)
 j - a +6 ring of intelligence (right hand)
 k - an amulet of regeneration (around neck)
Wands
 p - a wand of digging (6)
Scrolls
 e - a scroll of revelation {unknown}
 f - a scroll of enchant armour {unknown}
 g - 2 scrolls of identify {unknown}
 i - a scroll of blinking {unknown}
 o - a scroll of teleportation {unknown}
Potions
 c - 2 potions of invisibility
 d - a potion of attraction {unknown}
 l - a potion of enlightenment {unknown}
 n - a potion of resistance {unknown}
 q - a potion of lignification {unknown}


   Skills:
 + Level 1.3 Fighting
 + Level 1.9 Short Blades
 - Level 1.5 Dodging
 - Level 3.9 Stealth
 - Level 2.1 Spellcasting
 * Level 4.2 Hexes
 + Level 1.4 Ice Magic


You had 2 spell levels left.
You knew the following spells:

 Your Spells              Type           Power      Damage    Failure   Level
a - Ensorcelled Hibernat  Hex/Ice        30%        N/A       6%          2
b - Confusing Touch       Hex            21%        N/A       7%          3

Your spell library contained the following spells:

 Spells                   Type           Power      Damage    Failure   Level
 Tukima's Dance           Hex            21%        N/A       7%          3
 Dazzling Flash           Conj/Hex       24%        N/A       16%         3


Dungeon Overview and Level Annotations

Branches:
Dungeon (2/15)

Altars:
Sif Muna

Annotations:
D:2 Crazy Yiuf


Innate Abilities, Weirdness & Mutations

You have extremely sharp teeth.
Your natural rate of healing is unusually fast.
When hurt, damage is shared between your health and your magic reserves.
Your bite disrupts and absorbs the magic of your enemies.
Potions cannot restore your health.


Message History

You see here a hobgoblin corpse.
You see here a ball python skeleton.
You see here a +0 dagger.
Found a hammer.
Found two hammers.
You see here a +0 hammer.
Found six hammers.
Found a runed translucent door.
You see here a +0 hammer.
Found a hammer.
You see here a +0 hammer.
You see here a +0 hammer.
Found three hammers.
You see here the +11 hammer of Invincibility {holy, Str+3 Int+2}.
You open the door.
Crazy Yiuf twirls on the spot.
There is an open translucent door here.
Casting: Ensorcelled Hibernation (safe; 6% risk of failure)
Confirm with . or Enter, or press ? or * to list all spells.
Aiming: Ensorcelled Hibernation (safe; 6% risk of failure)
Press: ? - help, Shift-Dir - straight line, f - Crazy Yiuf
Aim: Crazy Yiuf, wielding a +4 quarterstaff of chaos and wearing a +0 cloak (chance to affect: 57%) Crazy Yiuf looks drowsy...
Crazy Yiuf shouts!
Crazy Yiuf hits you with a +4 quarterstaff of chaos.
You feel your power leaking away.
You see here a +0 hammer.
You hit Crazy Yiuf but do no damage. Crazy Yiuf barely misses you.
You hit Crazy Yiuf. Your bite misses Crazy Yiuf.
Crazy Yiuf is moderately wounded.
Crazy Yiuf hits you with a +4 quarterstaff of chaos!
Ouch! That really hurt!
You hit Crazy Yiuf.
Crazy Yiuf is moderately wounded.
Crazy Yiuf completely misses you.
You closely miss Crazy Yiuf.
Crazy Yiuf is moderately wounded.
Crazy Yiuf hits you with a +4 quarterstaff of chaos!
* * * LOW HITPOINT WARNING * * *
Crazy Yiuf freezes you.
You die...

###### .....#######
...........# ########
...........# ########)#)...##
..........>#
#)))##))#).....##
#..........#
#.g@')####......#
#..........# #)))### ##.....#
#..........# ##### ####..#
#).........# #.##
#..........# #.#
#.###......###### #.#
..#.............###########.#
#...........................#
###.._..##+##################


You could see Crazy Yiuf.

Vanquished Creatures
  Terence (D:2)
  3 adders (D:2)
  A dart slug (D:2)
  4 ribbon worms (D:2)
  5 endoplasms
  2 giant cockroaches (D:1)
  2 hobgoblins (D:2)
  4 kobolds
  5 quokkas
  7 ball pythons
  3 bats
  4 frilled lizards
  5 goblins
  2 rats (D:1)
48 creatures vanquished.

Notes
Turn   | Place    | Note
-------+----------+-------------------------------------------
     0 | D:1      | Toastz the Vine Stalker Enchanter began the quest for the
                  | Orb.
     0 | D:1      | Reached XP level 1. HP: 9/9 MP: 4/4
    56 | D:1      | Reached skill level 1 in Short Blades
    68 | D:1      | Reached XP level 2. HP: 13/13 MP: 4/6
   145 | D:1      | Learned a level 2 spell: Ensorcelled Hibernation
   739 | D:1      | Reached XP level 3. HP: 16/16 MP: 7/7
   743 | D:1      | Learned a level 3 spell: Confusing Touch
   881 | D:2      | Noticed Terence
   886 | D:2      | Killed Terence
   903 | D:2      | Reached skill level 1 in Ice Magic
   903 | D:2      | Reached XP level 4. HP: 16/21 MP: 4/8
   906 | D:2      | Reached skill level 1 in Fighting
   955 | D:2      | Reached skill level 4 in Hexes
   997 | D:2      | Found a shimmering blue altar of Sif Muna.
  1331 | D:2      | Found a runed translucent door.
  1332 | D:2      | Noticed Crazy Yiuf
  1334 | D:2      | Identified the +11 hammer of Invincibility {holy, Str+3
                  | Int+2}
  1342 | D:2      | Slain by Crazy Yiuf

Illustrated notes

Levels and vault maps discovered:
D:1:      mainiacjoe_arrival_reflecting_pool, layout_loops_ring
D:2:      layout_basic, serial_glass, glass_columns_a, glass_columns_a,
          glass_columns_c, glass_columns_c, glass_columns_a, glass_columns_a,
          basic_altar, uniq_terence, uniq_crazy_yiuf_cottage

Skill      XL: |  1  2  3  4 |
---------------+-------------+-----
Short Blades   | 1 |  1.9
Ice Magic      | 1 |  1.4
Fighting       | 1 |  1.3
Hexes          | 4 |  4.2
Dodging        | |  1.5
Stealth        | |  3.9
Spellcasting   | |  2.1

Action                     |  1- 3 |  4- 6 || total
---------------------------+-------+-------++-------
  Melee: Dagger            |   102 |    46 ||   148
         Bite              |    20 |     9 ||    29
   Cast: Ensorcelled Hiber |     1 |    11 ||    12
   Stab: Sleeping          |     5 |    12 ||    17
 Armour: Robe              |    59 |    19 ||    78
  Dodge: Dodged            |    75 |    29 ||   104

Table legend: (Time is in decaauts)
 A = Elapsed time spent in this place.
 B = Non-inter-level travel time spent in this place.
 C = Inter-level travel time spent in this place.
 D = Time resting spent in this place.
 E = Time spent auto-exploring this place.
 F = Levels seen in this place.
 G = Mean time per level.
                   A        B        C        D        E       F      G
               +--------+--------+--------+--------+--------+-----+--------+
         Total |   1331 |   1288 |     43 |     52 |    870 |   2 |  665.5 |
       Dungeon |   1331 |   1288 |     43 |     52 |    870 |   2 |  665.5 |
               +--------+--------+--------+--------+--------+-----+--------+

Top non-repeatable levels by time:
     D:1: 782 daAuts
     D:2: 548 daAuts
